Map: Ascension to Aiur LE

Players

bloodybread

  • Race: Terran Terran
  • League: Diamond
  • Spawn Location: 11:00

Sinloft - Winner!

  • Race: Zerg Zerg
  • League: Diamond
  • Spawn Location: 5:00

VOD

Have the link to the VOD?

Description

Time

  • Played on: Sept. 22, 2017, 2:22 p.m.
  • Length: 21:27
Show
View Real Time Build Order
Export as new Build Order

bloodybread Terran 

Build Orders: Liberator Opening, MMM Bio 

Get SALT Encoding   

  12  0:00  SCV  
  13  0:13  SCV  
  14  0:17  Supply Depot  
  14  0:25  SCV  
  15  0:30  Refinery  
  15  0:38  SCV  
  16  0:45  Barracks  
  16  0:50  SCV  
  17  1:03  SCV  
  18  1:15  SCV  
  19  1:31  Orbital Command  
  20  1:32  Reaper  
  20  1:43  Command Center  
  20  1:55  Factory  
  20  1:57  SCV  
  21  2:03  Refinery  
  21  2:10  Barracks Reactor  
  21  2:14  SCV  
  22  2:16  Supply Depot  
  22  2:27  SCV  
  23  2:39  SCV  
  24  2:51  Starport  
  24  2:54  Hellion x2  
  24  2:56  Orbital Command  
  28  2:59  Barracks Reactor, SCV  
  29  3:19  Hellion x2, SCV  
  34  3:22  SCV  
  35  3:29  Liberator  
  35  3:30  Liberator  
  35  3:31  SCV  
  36  3:48  SCV x2  
  44  3:49  Factory Tech Lab  
  44  3:51  Marine  
  44  3:52  Marine  
  46  3:56  Supply Depot  
  46  4:09  SCV x2  
  48  4:21  SCV  
  49  4:40  Marine x2  
  49  4:43  Medivac x2  
  58  4:45  Command Center, Siege Tank  
  58  4:46  SCV x2  
  58  4:49  Refinery  
  60  4:53  Supply Depot x2  
  60  4:55  Engineering Bay  
  60  4:56  Engineering Bay  
  60  4:58  SCV  
  52  5:04  Marine x2  
  52  5:05  Barracks  
  54  5:24  SCV x2  
  54  5:26  Marine x2  
  54  5:27  Refinery  
  54  5:28  Medivac x2  
  62  5:46  SCV x2  
  62  5:47  Siege Tank  
  67  5:58  SCV x2  
  69  6:10  SCV x2  
  68  6:22  Barracks Tech Lab, SCV x2, Supply Depot  
  68  6:23  Orbital Command, Supply Depot  
  70  6:28  Barracks  
  67  6:33  Barracks  
  67  6:34  Marine x2  
  67  6:35  Barracks  
  69  6:47  Stimpack, Marine  
  69  6:48  Terran Infantry Armor Level 1, Orbital Command  
  69  6:49  Terran Infantry Weapons Level 1  
  69  6:52  Marine  
  71  6:56  Barracks, SCV  
  71  6:57  SCV  
  70  7:42  SCV x2  
  70  7:43  SCV  
  73  7:54  Siege Tank, SCV x2  
  78  7:59  Barracks Tech Lab  
  78  8:00  Barracks Tech Lab, Barracks Reactor  
  78  8:06  Armory, Supply Depot  
  78  8:07  Marine, SCV x2  
  78  8:08  Marine x2  
  78  8:09  Barracks Reactor, SCV  
  84  8:19  SCV  
  85  8:20  Medivac x2  
  85  8:21  Combat Shields  
  85  8:22  Command Center  
  85  8:23  Concussive Shells  
  85  8:24  Marauder x2  
  85  8:25  Marine x3  
  96  8:36  Liberator  
  96  8:38  Factory, Supply Depot  
  96  8:41  SCV x3  
  97  8:43  Marine x2  
  97  8:46  Marauder x2, Marine  
  106  8:53  Medivac  
  111  9:02  Sensor Tower, Marine x4  
  113  9:03  Marauder  
  113  9:06  Terran Infantry Weapons Level 2  
  113  9:07  Terran Infantry Armor Level 2  
  117  9:11  Terran Ship Weapons Level 1  
  117  9:14  Supply Depot  
  117  9:19  SCV x2  
  117  9:20  Refinery  
  117  9:21  Thor  
  125  9:25  Factory Reactor  
  125  9:31  Refinery  
  125  9:33  Marine x3  
  125  9:34  Marauder x2, Marine x3  
  135  9:38  Supply Depot  
  135  9:41  Supply Depot, SCV  
  136  9:56  Medivac x2  
  140  10:01  Missile Turret  
  140  10:04  Missile Turret  
  140  10:06  Missile Turret  
  140  10:13  SCV x3  
  143  10:24  Missile Turret  
  143  10:25  Liberator  
  139  10:37  Orbital Command  
  139  10:38  Widow Mine  
  139  10:40  Widow Mine x2  
  139  10:42  Medivac  
  150  11:00  Sensor Tower  
  150  11:01  SCV x2  
  150  11:02  SCV  
  153  11:06  Terran Ship Weapons Level 2  
  153  11:09  Thor  
  153  11:11  Marauder x2, Marine  
  164  11:12  Refinery, Supply Depot  
  164  11:16  Supply Depot  
  164  11:18  Supply Depot x3  
  164  11:21  Marine x6  
  170  11:28  Marine  
  170  11:31  Widow Mine  
  170  11:32  Marauder, Widow Mine, Marine  
  178  11:39  Marine  
  181  11:40  Marauder  
  181  11:52  Widow Mine  
  176  12:01  Liberator x2  
  120  12:21  Marine x9  
  126  12:26  Starport  
  126  12:27  Starport  
  126  12:28  Starport  
  117  12:38  Marine  
  117  12:39  Marine x4  
  117  12:40  Marauder x3  
  128  12:44  Liberator x2  
  119  12:55  Marine  
  119  12:56  Marine  
  119  12:57  Marine  
  122  13:01  Marauder x3  
  122  13:03  Widow Mine x2, Thor  
  144  13:09  Refinery  
  144  13:10  SCV x4  
  148  13:16  Command Center  
  148  13:21  Marine  
  148  13:22  Marauder x3, Marine x5  
  160  13:27  Liberator x2  
  160  13:31  Starport Tech Lab  
  160  13:32  Starport Reactor x2  
  160  13:36  Fusion Core  
  160  13:39  Marine  
  160  13:40  Marine x4  
  165  13:48  Widow Mine x2  
  173  13:55  Medivac  
  177  14:11  Terran Infantry Weapons Level 3  
  177  14:27  Medivac x2  
  179  14:41  Liberator  
  179  14:42  Liberator  
  170  14:57  Medivac x2  
  180  15:00  Marine  
  180  15:01  Marauder x3, Marine x5  
  180  15:04  Widow Mine x3  
  193  15:11  Orbital Command, Liberator  
  193  15:18  Marine  
  193  15:19  Marine  
  195  15:24  Marine x2  
  195  15:25  Marine x3  
  195  15:27  Marauder  
  193  15:32  Widow Mine  
  195  16:00  Refinery  
  195  16:15  Sensor Tower  
  195  16:25  Terran Ship Weapons Level 3, Terran Infantry Armor Level 3, Liberator  
  195  16:26  Marine x2, SCV x3  
  200  16:36  Marine  
  200  16:37  Marine  
  200  16:38  SCV  
  200  16:39  Marine  
  199  16:42  Widow Mine  
  199  16:43  Marauder x3  
  199  16:49  Marine  
  199  16:52  Building Armor  
  200  17:21  Orbital Command  
  200  17:36  Refinery  
  200  17:38  Refinery  
  200  17:59  Liberator x4  
  200  18:00  Liberator x2  
  145  18:10  Marauder x2, Marine  
  145  18:11  Marauder, Marine x5  
  123  18:17  Medivac  
  123  18:19  Widow Mine x3  
  126  18:28  Marine  
  126  18:29  Marine x5  
  126  18:32  Marauder x3  
  126  18:33  Barracks  
  135  18:37  Barracks  
  135  18:39  Barracks  
  135  18:40  Barracks  
  135  18:41  Barracks  
  135  18:42  Liberator x2  
  135  18:46  Marine  
  135  18:47  Widow Mine, Marine x4, Medivac  
  135  18:48  Widow Mine  
  146  18:49  Widow Mine  
  146  18:53  Marauder x3  
  154  18:57  Refinery  
  154  18:59  Medivac x2  
  154  19:00  Medivac  
  158  19:09  Marine x3  
  159  19:10  Marine x3  
  159  19:14  Marauder  
  159  19:15  Marauder x2  
  170  19:27  Marine x4  
  174  19:40  Sensor Tower  
Show
View Real Time Build Order
Export as new Build Order

Sinloft Zerg - Winner!

Build Orders: Hatch First 

Get SALT Encoding   

  12  0:02  Drone  
  13  0:08  Drone  
  14  0:16  Overlord  
  14  0:28  Extractor, Drone  
  14  0:35  Drone x2  
  17  0:53  Hatchery  
  17  0:56  Drone  
  17  1:01  Drone  
  18  1:06  Extractor  
  17  1:16  Spawning Pool  
  16  1:19  Drone  
  16  1:22  Drone  
  18  1:30  Drone  
  19  1:40  Drone  
  20  1:50  Overlord  
  20  2:02  Queen  
  20  2:05  Queen  
  20  2:06  Metabolic Boost  
  24  2:09  Zergling x2  
  24  2:12  Zergling x2  
  26  2:24  Drone x3  
  29  2:31  Drone  
  30  2:41  Drone  
  30  2:42  Drone  
  32  2:47  Overlord  
  32  2:50  Baneling Nest  
  31  2:51  Drone  
  31  2:56  Drone  
  33  3:00  Drone  
  34  3:08  Drone  
  36  3:12  Drone  
  36  3:22  Overlord  
  36  3:33  Drone x7  
  43  3:36  Hatchery  
  43  3:38  Extractor  
  43  3:40  Evolution Chamber  
  40  3:45  Drone  
  40  3:46  Drone  
  40  3:47  Evolution Chamber  
  41  4:02  Lair  
  41  4:03  Drone x2  
  41  4:12  Spine Crawler  
  40  4:20  Zergling x2  
  40  4:21  Zergling x12  
  47  4:41  Drone x5  
  47  4:45  Zerg Melee Weapons Level 1, Zerg Ground Armor Level 1  
  51  5:02  Drone x6  
  57  5:16  Overlord  
  57  5:17  Centrifical Hooks  
  57  5:28  Spore Crawler x2  
  54  5:41  Spore Crawler  
  53  5:44  Queen  
  53  5:56  Zergling x2  
  57  5:57  Zergling x10  
  59  6:08  Queen  
  59  6:18  Baneling x3  
  59  6:19  Baneling  
  59  6:20  Drone  
  60  6:44  Zerg Melee Weapons Level 2  
  60  6:48  Extractor  
  60  6:49  Extractor  
  58  6:55  Drone  
  58  6:56  Drone x6  
  58  6:58  Overlord  
  58  6:59  Overlord x2  
  65  7:01  Zerg Ground Armor Level 2  
  65  7:11  Overlord x2  
  61  7:27  Queen  
  61  7:38  Drone x5  
  61  7:39  Drone x8  
  61  7:40  Drone x2  
  76  7:49  Drone x2  
  76  7:50  Infestation Pit  
  77  7:57  Overlord, Drone  
  78  8:00  Baneling x2  
  78  8:03  Overlord  
  78  8:15  Zergling x10  
  78  8:16  Zergling x8  
  87  8:20  Baneling  
  87  8:21  Baneling x6  
  87  8:22  Baneling x2  
  87  8:23  Baneling x6  
  87  8:27  Hatchery  
  87  8:28  Overlord  
  87  8:33  Hive  
  86  8:43  Extractor  
  86  8:44  Extractor, Drone x10  
  94  8:48  Spire  
  93  9:33  Extractor  
  93  9:34  Overlord  
  93  9:35  Zergling x2  
  93  9:36  Zergling x32  
  93  9:37  Extractor  
  108  9:46  Queen  
  108  9:48  Drone x3  
  108  9:49  Drone  
  108  9:52  Overlord  
  114  10:07  Ultralisk Cavern, Zerg Ground Armor Level 3  
  114  10:08  Zerg Melee Weapons Level 3  
  114  10:09  Adrenal Glands  
  112  10:34  Corruptor x7  
  123  10:46  Zergling x2  
  123  10:47  Zergling x6  
  123  10:49  Overlord x2  
  127  10:54  Overlord  
  127  11:01  Chitinous Plating  
  127  11:02  Overlord  
  127  11:03  Overlord  
  127  11:07  Ultralisk x2  
  139  11:14  Drone x6  
  139  11:16  Ultralisk  
  151  11:19  Overlord x2  
  151  11:30  Hatchery  
  150  11:35  Ultralisk x2  
  150  11:36  Zergling x10  
  150  11:37  Zergling x6  
  123  12:15  Zergling x26  
  127  12:16  Zergling x2  
  130  12:41  Zergling x2  
  130  12:42  Zergling x14  
  137  13:01  Queen  
  139  13:13  Ultralisk  
  139  13:14  Ultralisk x7, Zergling x4  
  139  13:16  Extractor  
  188  13:21  Extractor  
  187  13:37  Zergling x4  
  187  13:39  Overlord x2  
  189  13:47  Baneling  
  189  13:48  Baneling x16  
  189  13:51  Greater Spire  
  189  14:13  Overseer  
  182  14:43  Zergling x2  
  182  14:44  Zergling x34  
  182  14:45  Zergling x8  
  199  14:49  Overlord  
  199  14:58  Overlord  
  197  15:20  Corruptor  
  195  15:37  Baneling x10  
  195  15:38  Baneling x18  
  195  15:42  Zerg Flyer Weapons Level 1  
  195  16:00  Hatchery  
  194  16:11  Corruptor, Overlord  
  194  16:12  Corruptor x2  
  187  16:43  Corruptor  
  187  16:44  Corruptor x6  
  198  17:33  Hatchery  
  149  18:07  Zergling x2  
  149  18:08  Zergling x40  
  149  18:09  Zergling x34  
  138  18:24  Brood Lord x8  
  138  18:25  Brood Lord x3  
  157  18:40  Overseer  
  145  18:44  Zergling x2  
  145  18:45  Ultralisk x7  
  145  18:46  Ultralisk, Zergling x6  
  145  18:47  Zergling x4  
  199  18:52  Overlord  
  199  19:02  Baneling x3  
  199  19:03  Baneling x3  
  199  19:27  Hatchery  
  199  19:28  Zergling x2  
  199  19:32  Baneling x6  
  199  19:33  Baneling x13  
  199  19:35  Overlord x2  
  161  20:04  Corruptor  
  161  20:05  Corruptor x2  
  161  20:18  Zergling x2  
  161  20:19  Zergling x2  
  161  20:20  Zergling x2  
  161  20:21  Zergling x2  
  161  20:22  Zergling x4  
  161  20:23  Zergling x2  
  161  20:24  Zergling x2  
  161  20:25  Zergling x2  
Tags
 
Add a new tag
Caveats
  • Supply blocks, unpowered buildings, or Contaminate may cause inaccurate times.
  • Supply counts are checked every 10 seconds.